Map: Eternal Empire LE

Players

Nina - Winner!

  • Race: Protoss Protoss
  • League: Grandmaster
  • Spawn Location: 1:00

JonSnow

  • Race: Zerg Zerg
  • League: Master
  • Spawn Location: 7:00

Event: DreamHack SC2 Masters 2020 Summer North America

VOD

Have the link to the VOD?

Description

Time

  • Played on: July 1, 2020, 6:13 p.m.
  • Length: 21:34

All games in this series

Show
View Real Time Build Order
Export as new Build Order

Nina Protoss - Winner!

Build Orders: 1 Gate Expand, Oracle Opening, Archon Immortal 

Get SALT Encoding   

  12  0:00  Probe  
  13  0:12  Probe  
  14  0:22  Pylon  
  14  0:25  Probe  
  15  0:36  Probe  
  15  0:41  Gateway  
  16  0:45  Probe  
  17  0:51  Assimilator  
  17  0:55  Probe  
  18  1:08  Probe  
  19  1:20  Probe  
  20  1:26  Nexus  
  20  1:34  Cybernetics Core  
  20  1:36  Probe  
  21  1:44  Assimilator  
  21  1:48  Probe  
  21  1:52  Pylon  
  22  2:00  Adept, Probe  
  23  2:08  Probe  
  26  2:16  Probe  
  26  2:21  Stargate  
  27  2:27  Probe  
  28  2:30  Adept  
  28  2:35  Probe, Warp Gate  
  30  2:39  Probe  
  30  2:43  Probe  
  32  2:48  Gateway  
  33  2:52  Probe  
  33  2:53  Probe  
  33  2:57  Oracle  
  38  3:14  Probe  
  38  3:15  Probe  
  38  3:16  Adept  
  40  3:21  Pylon  
  40  3:27  Probe x2  
  41  3:33  Assimilator, Oracle  
  42  3:37  Probe  
  42  3:39  Adept, Probe  
  49  3:45  Probe  
  49  3:46  Pylon  
  49  3:51  Probe  
  49  3:54  Probe  
  52  4:03  Probe  
  52  4:06  Probe  
  54  4:15  Phoenix, Nexus, Probe  
  57  4:18  Probe  
  58  4:25  Adept  
  58  4:26  Adept, Pylon  
  58  4:27  Probe  
  58  4:30  Probe  
  62  4:37  Robotics Facility  
  62  4:44  Assimilator, Probe x2  
  64  4:48  Sentry x2  
  64  4:50  Shield Battery  
  68  4:56  Probe x2  
  68  4:58  Forge  
  70  5:01  Twilight Council, Pylon  
  70  5:19  Probe x2  
  72  5:22  Gateway x2  
  72  5:24  Immortal  
  72  5:25  Sentry  
  72  5:26  Gateway  
  74  5:31  Probe x2  
  74  5:33  Pylon  
  80  5:43  Probe x3  
  80  5:48  Protoss Ground Weapons Level 1  
  80  5:49  Charge  
  83  5:55  Probe x3  
  86  5:58  Zealot x2  
  87  6:07  Probe x3  
  90  6:12  Assimilator  
  90  6:15  Gateway  
  90  6:16  Gateway, Assimilator  
  90  6:17  Immortal  
  90  6:22  Gateway  
  90  6:23  Probe  
  95  6:26  Probe x2  
  97  6:35  Probe  
  97  6:36  Templar Archives  
  100  6:43  Probe  
  100  6:46  Pylon  
  101  6:49  Immortal, Pylon  
  99  7:01  Psionic Storm  
  99  7:03  Pylon  
  99  7:04  Pylon  
  99  7:05  Pylon  
  99  7:08  Pylon  
  99  7:13  High Templar x4  
  107  7:16  Photon Cannon  
  107  7:20  Photon Cannon  
  107  7:21  Pylon, Zealot  
  109  7:23  Warp Prism  
  109  7:32  High Templar x2  
  109  7:36  Archon  
  115  7:40  Nexus  
  115  7:43  Pylon  
  115  7:46  Pylon  
  115  7:47  Shield Battery  
  115  7:49  Gateway, High Templar  
  115  7:50  High Templar  
  119  7:51  Gateway  
  119  7:55  Archon  
  119  7:59  Photon Cannon  
  119  8:02  Zealot  
  119  8:09  Immortal  
  119  8:12  Stalker x4  
  129  8:15  Shield Battery  
  129  8:25  High Templar x2  
  133  8:29  Archon  
  133  8:34  Photon Cannon  
  133  8:36  Zealot x6  
  133  8:38  Photon Cannon  
  145  8:43  Unknown, Stargate  
  145  8:53  Immortal  
  145  8:58  Phoenix  
  145  8:59  Protoss Air Weapons Level 1  
  145  9:00  Zealot x6  
  159  9:15  High Templar  
  159  9:16  High Templar  
  151  9:17  Photon Cannon  
  151  9:18  Photon Cannon  
  151  9:21  Archon  
  151  9:22  Probe x2  
  153  9:24  Probe  
  153  9:26  Phoenix  
  153  9:27  Zealot x3  
  160  9:33  Phoenix  
  158  9:45  Probe  
  158  9:50  High Templar x2  
  158  9:51  Phoenix, Probe x2  
  157  9:58  Phoenix  
  157  9:59  Fleet Beacon, Probe x2  
  153  10:01  Archon  
  153  10:03  Zealot  
  155  10:07  Photon Cannon  
  155  10:08  Pylon  
  155  10:11  Probe  
  155  10:12  Probe x2  
  151  10:16  Phoenix, Probe  
  154  10:23  Probe  
  154  10:25  Probe  
  156  10:29  Unknown  
  156  10:35  Warp Prism, Probe  
  155  10:40  High Templar x2, Probe  
  155  10:41  Phoenix, Probe  
  165  10:43  Photon Cannon  
  165  10:44  Probe  
  165  10:48  Photon Cannon, Anion Pulse-Crystals  
  165  10:49  Phoenix  
  166  10:50  Probe  
  166  10:52  Probe  
  166  10:56  Photon Cannon  
  166  11:11  Phoenix  
  153  11:14  Phoenix  
  153  11:18  Probe  
  141  11:22  High Templar  
  143  11:26  Probe  
  142  11:35  Probe  
  142  11:36  Phoenix  
  142  11:39  Phoenix, Nexus  
  147  11:41  Pylon  
  147  11:43  Protoss Ground Weapons Level 2, Pylon  
  147  11:54  Photon Cannon  
  147  11:55  Pylon  
  147  11:57  High Templar x2  
  147  12:01  Phoenix, Archon  
  153  12:02  Protoss Air Weapons Level 2  
  153  12:03  Zealot x8  
  153  12:04  Phoenix  
  171  12:12  Nexus  
  171  12:13  Shield Battery  
  171  12:16  Shield Battery  
  171  12:17  Photon Cannon  
  171  12:18  Photon Cannon  
  171  12:26  Phoenix  
  171  12:27  Zealot  
  171  12:29  Immortal  
  175  12:45  High Templar x4  
  175  12:49  Robotics Facility  
  183  12:53  Archon x2, Tempest  
  183  12:56  Tempest  
  193  13:00  Stargate  
  191  13:09  Observer  
  166  13:22  High Templar x3  
  166  13:24  Zealot x3  
  178  13:29  Archon  
  178  13:33  Probe x2  
  178  13:34  Probe  
  181  13:41  Immortal x2  
  189  13:48  Probe x2  
  190  13:49  Probe x3  
  190  13:52  Assimilator  
  194  13:56  Assimilator  
  194  14:00  Photon Cannon  
  194  14:03  Pylon  
  194  14:07  Pylon  
  173  14:19  Warp Prism  
  173  14:20  Archon, Observer  
  145  14:30  High Templar x4  
  137  14:31  Zealot x6  
  137  14:32  Tempest x2  
  155  14:41  Immortal, Archon  
  157  14:53  High Templar x2  
  157  14:54  High Templar x2  
  157  14:56  Gateway, Immortal, Zealot x2  
  157  14:59  Archon x2  
  173  15:00  Gateway  
  173  15:03  High Templar  
  175  15:10  Protoss Ground Weapons Level 3  
  175  15:16  High Templar  
  175  15:21  Observer  
  178  15:24  Oracle  
  181  15:30  Zealot x6  
  181  15:31  Zealot  
  194  15:39  Nexus  
  194  15:42  Pylon  
  192  15:43  Pylon  
  157  15:59  Zealot x2  
  157  16:00  Zealot x7  
  157  16:01  Observer  
  152  16:10  Tempest x2  
  147  16:21  High Templar x4  
  147  16:23  Observer  
  147  16:25  Pylon, Probe  
  147  16:29  Photon Cannon  
  147  16:30  Photon Cannon  
  147  16:31  Photon Cannon, Cybernetics Core  
  147  16:33  Zealot x3  
  153  16:44  Immortal  
  150  16:48  Archon x2  
  136  16:55  Zealot x7  
  150  17:03  Carrier x2  
  150  17:06  Unknown  
  162  17:17  Photon Cannon  
  162  17:19  Shield Battery  
  162  17:20  Robotics Facility  
  162  17:21  Immortal  
  160  17:23  High Templar x4  
  160  17:28  Immortal  
  164  17:30  Photon Cannon  
  164  17:32  Shield Battery  
  164  17:33  Zealot  
  164  17:35  High Templar  
  168  17:48  Nexus  
  168  17:50  Pylon  
  163  17:51  Zealot  
  163  17:52  Pylon  
  160  17:58  Zealot x4  
  160  17:59  Zealot  
  160  18:03  Immortal  
  174  18:07  Immortal  
  174  18:08  Carrier  
  184  18:15  Zealot x2  
  188  18:24  Unknown  
  186  18:29  High Templar x2  
  187  18:35  Carrier  
  176  18:59  Zealot  
  176  19:00  Archon  
  176  19:02  Zealot x3  
  172  19:06  Zealot  
  172  19:07  Zealot x2  
  142  19:19  Zealot  
  142  19:20  Carrier  
  142  19:21  Immortal x2  
  152  19:25  Observer  
  152  19:26  High Templar x2  
  156  19:32  Assimilator  
  156  19:35  Gateway x2, Assimilator  
  156  19:38  Photon Cannon  
  156  19:40  Photon Cannon, Shield Battery  
  156  19:41  Gateway  
  156  19:43  Photon Cannon, Gateway, Zealot x4  
  156  19:44  Zealot  
  159  20:07  Zealot x5  
  159  20:08  High Templar x2  
  159  20:13  Carrier  
  179  20:20  Carrier  
  185  20:25  Immortal  
  181  20:41  High Templar x2  
  185  20:44  Zealot x7  
  185  20:45  Observer  
  199  21:06  Photon Cannon  
  199  21:10  Zealot x5  
  167  21:26  Archon  
Show
View Real Time Build Order
Export as new Build Order

JonSnow Zerg 

Build Orders: Hatch First, Lurkers, Muta Ling Bane 

Get SALT Encoding   

  12  0:00  Drone  
  13  0:12  Overlord  
  13  0:19  Drone  
  14  0:30  Drone x2  
  16  0:48  Hatchery  
  15  0:52  Drone  
  15  0:56  Drone  
  17  0:59  Drone  
  18  1:10  Extractor  
  17  1:15  Spawning Pool  
  17  1:17  Drone  
  17  1:20  Drone  
  18  1:30  Drone  
  19  1:40  Drone  
  20  1:50  Hatchery  
  19  1:57  Drone  
  20  2:01  Queen  
  22  2:09  Queen  
  22  2:14  Drone  
  25  2:16  Drone  
  25  2:21  Overlord  
  26  2:28  Metabolic Boost  
  26  2:30  Zergling x2  
  26  2:33  Zergling x2  
  28  2:40  Drone x2  
  28  2:42  Drone  
  31  2:48  Queen  
  33  2:54  Overlord  
  33  2:56  Drone  
  34  3:05  Drone x2  
  35  3:06  Drone x2  
  35  3:11  Spore Crawler  
  36  3:17  Drone x3  
  36  3:19  Drone  
  39  3:24  Queen  
  41  3:29  Drone x2  
  41  3:32  Spore Crawler  
  42  3:36  Zergling x6  
  45  3:45  Drone x3  
  45  3:46  Evolution Chamber  
  45  3:47  Drone  
  48  3:49  Drone  
  48  3:52  Drone  
  50  3:55  Overlord  
  50  4:05  Spore Crawler  
  50  4:06  Drone  
  50  4:14  Drone x3  
  50  4:16  Zerg Melee Weapons Level 1  
  52  4:18  Drone  
  52  4:19  Drone x5  
  58  4:26  Overlord  
  57  4:35  Drone  
  57  4:36  Overlord x2  
  58  4:44  Queen  
  60  4:50  Drone  
  60  4:51  Drone x5  
  66  4:53  Baneling Nest  
  66  4:57  Queen  
  67  5:01  Lair  
  67  5:04  Extractor x2, Zergling x12  
  71  5:08  Zergling x4  
  71  5:13  Drone x2  
  72  5:19  Drone x2  
  72  5:20  Drone  
  74  5:30  Overlord x2  
  74  5:38  Extractor  
  72  5:45  Drone x2  
  72  5:49  Drone  
  79  5:50  Drone x8  
  79  5:52  Drone, Extractor  
  79  5:53  Extractor  
  81  6:01  Hatchery  
  81  6:02  Centrifical Hooks  
  79  6:05  Drone x3  
  79  6:06  Hydralisk Den  
  79  6:11  Drone x7  
  82  6:12  Drone x2  
  82  6:16  Overseer  
  87  6:21  Overlord  
  87  6:22  Zerg Melee Weapons Level 2  
  87  6:43  Drone  
  87  6:44  Overlord, Spire  
  87  6:45  Muscular Augments  
  87  6:48  Hydralisk x3  
  87  6:52  Overlord x5  
  91  7:06  Unknown, Drone x2  
  91  7:07  Overlord  
  91  7:08  Drone x7  
  97  7:11  Drone  
  97  7:13  Drone  
  101  7:15  Hydralisk  
  101  7:16  Hydralisk x3  
  109  7:23  Hydralisk x3  
  109  7:24  Hydralisk x2  
  109  7:29  Zergling x8  
  123  7:36  Overseer  
  122  7:41  Hydralisk x6  
  134  7:45  Drone x3  
  134  7:46  Drone  
  138  7:56  Grooved Spines, Drone  
  139  8:05  Hatchery  
  136  8:08  Overlord  
  136  8:12  Mutalisk x6  
  148  8:19  Mutalisk x2  
  149  8:27  Mutalisk x2  
  149  8:30  Overlord x3  
  149  8:32  Drone x11  
  164  8:38  Mutalisk x2  
  168  8:43  Zerg Flyer Weapons Level 1  
  168  8:44  Extractor  
  167  8:48  Zergling x2  
  167  8:49  Extractor, Zergling x10  
  166  9:02  Zergling x2  
  166  9:03  Zergling x6  
  166  9:07  Mutalisk x4  
  172  9:11  Mutalisk x2  
  173  9:17  Zergling x18  
  173  9:19  Baneling x4  
  182  9:30  Mutalisk x3  
  187  9:33  Overlord  
  187  9:34  Zerg Missile Weapons Level 1  
  187  9:36  Zergling x22  
  191  9:48  Mutalisk x4  
  191  9:52  Drone x3  
  192  9:53  Drone x4  
  194  10:00  Infestation Pit  
  194  10:04  Baneling x5, Lurker Den  
  194  10:05  Spore Crawler  
  194  10:06  Spine Crawler  
  190  10:13  Mutalisk x2  
  194  10:15  Zergling x2  
  194  10:16  Zergling x10  
  198  10:31  Spore Crawler  
  198  10:33  Spine Crawler  
  196  10:39  Baneling x11  
  196  10:41  Hive  
  196  10:47  Baneling  
  196  10:48  Baneling x3  
  196  10:49  Overlord  
  196  10:55  Baneling x13  
  196  11:09  Zergling x2  
  196  11:10  Zergling x54  
  170  11:18  Hydralisk  
  170  11:23  Hydralisk x5  
  176  11:35  Hydralisk x9  
  176  11:36  Zerg Missile Weapons Level 2  
  191  11:51  Overlord  
  191  11:54  Seismic Spines, Adrenal Glands  
  191  11:55  Lurker x4  
  191  11:56  Lurker x3  
  197  12:10  Hydralisk x4  
  200  12:16  Hatchery  
  199  12:23  Lurker  
  198  12:42  Hydralisk x4  
  198  12:43  Hydralisk  
  199  12:49  Overseer x2  
  199  12:51  Adaptive Talons  
  197  12:53  Spine Crawler  
  197  12:56  Viper  
  197  12:58  Spine Crawler  
  188  13:07  Hydralisk  
  188  13:08  Hydralisk x18  
  157  13:20  Hydralisk x7  
  157  13:26  Viper  
  157  13:34  Drone  
  157  13:35  Drone x4  
  157  13:41  Hydralisk x3  
  168  13:50  Hatchery, Lurker x2  
  168  13:51  Lurker x3  
  168  13:52  Zergling x2  
  168  13:53  Zergling x12  
  179  13:58  Lurker x2, Zergling x2  
  179  13:59  Zergling x4  
  180  14:17  Hydralisk x9  
  148  14:18  Hydralisk  
  148  14:22  Hydralisk x2  
  148  14:23  Zergling x2  
  159  14:28  Overlord  
  159  14:29  Overlord x2  
  158  14:40  Overlord  
  158  14:48  Overlord  
  158  14:49  Viper x2  
  164  14:56  Hydralisk x4  
  164  14:58  Overseer  
  172  15:01  Lurker x4  
  172  15:02  Lurker  
  172  15:05  Unknown, Zergling x2  
  177  15:15  Hydralisk x6  
  189  15:22  Lurker  
  189  15:23  Hatchery, Zergling x12  
  195  15:40  Zergling x2  
  194  15:46  Zergling x18  
  187  15:52  Zergling x22  
  187  15:56  Hydralisk x2  
  171  16:03  Hydralisk x3  
  171  16:04  Hydralisk  
  151  16:08  Hydralisk x2  
  148  16:20  Hydralisk x8  
  160  16:26  Baneling x4  
  160  16:27  Baneling, Hydralisk x2  
  160  16:31  Overseer  
  164  16:35  Lurker x2  
  140  16:49  Hydralisk  
  140  16:50  Hydralisk x7  
  140  16:53  Hydralisk  
  141  16:54  Hydralisk  
  141  16:57  Drone x2  
  141  16:58  Drone  
  148  17:01  Zergling x2  
  148  17:06  Hydralisk x2  
  148  17:07  Hydralisk  
  155  17:13  Hydralisk  
  155  17:14  Hydralisk  
  159  17:20  Hydralisk x3  
  165  17:33  Hatchery  
  164  17:39  Zergling x16  
  172  17:46  Zergling x10  
  175  17:55  Zergling x16  
  180  18:00  Zergling x2  
  179  18:06  Hydralisk x2  
  179  18:12  Baneling x17  
  180  18:13  Baneling  
  180  18:14  Zergling x2  
  181  18:24  Zergling x4  
  169  18:28  Zergling x26  
  163  18:34  Zergling x2  
  163  18:35  Zergling x2  
  163  18:40  Hydralisk x3  
  163  18:41  Hydralisk  
  167  18:42  Zergling x2  
  168  18:52  Hydralisk x3  
  166  19:01  Hydralisk  
  166  19:02  Hydralisk x3  
  162  19:07  Hydralisk  
  119  19:19  Hydralisk x5  
  119  19:20  Zergling x2  
  121  19:24  Hydralisk  
  121  19:29  Lurker x4  
  121  19:30  Lurker  
  128  19:31  Lurker  
  129  19:46  Viper  
  129  19:47  Viper  
  129  19:51  Hatchery  
  134  19:53  Hydralisk x2  
  134  19:57  Hydralisk  
  136  20:03  Hydralisk x2  
  132  20:08  Hydralisk  
  126  20:14  Lurker  
  126  20:15  Lurker  
  126  20:16  Lurker  
  126  20:20  Zergling x8  
  133  20:32  Hydralisk  
  130  20:38  Hydralisk  
  130  20:39  Zergling x10  
  134  20:43  Extractor  
  134  20:47  Zergling x10  
  138  20:55  Hydralisk  
  138  20:56  Zergling x2  
  141  21:02  Zergling x8  
  142  21:16  Extractor  
  142  21:17  Extractor  
Tags
 
Add a new tag
Caveats
  • Supply blocks, unpowered buildings, or Contaminate may cause inaccurate times.
  • Supply counts are checked every 10 seconds.